 Dungeon Crawl Stone Soup version 0.23-b1-3-gdda8187c6f (webtiles) character file.

Game seed: 330673966838234134

151 Ihlosi the Skirmisher (level 5, 0/33 HPs)
             Began as a Kobold Fighter on Jan 31, 2019.
             Killed by nerve-wracking pain
             ... invoked by an orc priest
              (1 damage)
             ... on level 3 of the Dungeon.
             The game lasted 00:04:13 (3035 turns).

Ihlosi the Skirmisher (Kobold Fighter)              Turns: 3035, Time: 00:04:13

Health: 0/33       AC:  6    Str: 14    XL:     5   Next: 59%
Magic:  5/5        EV:  9    Int: 10    God:
Gold:   67         SH:  9    Dex: 14    Spells: 4/4 levels left

rFire    . . .     SeeInvis .   a - +0 flail
rCold    . . .     Gourm    .   c - +0 shield
rNeg     . . .     Faith    .   b - +0 scale mail
rPois    .         Spirit   .   (no helmet)
rElec    .         Reflect  .   (no cloak)
rCorr    .         Harm     .   (no gloves)
MR       .....                  (no boots)
Stlth    ..........             (no amulet)
HPRegen  0.11/turn              (no ring)
MPRegen  0.09/turn              (no ring)

@: no status effects
A: small, carnivore
a: no special abilities


You were on level 3 of the Dungeon.
You were full.

You visited 1 branch of the dungeon, and saw 3 of its levels.

You collected 67 gold pieces.

Inventory:

Hand Weapons
 a - a +0 flail (weapon)
Missiles
 i - 35 stones (quivered)
Armour
 b - a +0 scale mail (worn)
 c - a +0 shield (worn)
Scrolls
 e - 6 scrolls of teleportation
 g - a scroll of enchant armour {unknown}
 k - a scroll of remove curse
 l - a scroll of magic mapping {unknown}
Potions
 d - 3 potions of lignification
 h - a potion of haste {unknown}
 j - a potion of invisibility {unknown}
 m - 3 potions of magic {unknown}
Comestibles
 f - 5 rations


   Skills:
 * Level 3.8 Fighting
 * Level 3.0 Maces & Flails
 * Level 3.2 Armour
 * Level 1.7 Dodging
 * Level 3.0 Shields


You had 4 spell levels left.
You didn't know any spells.
Your spell library was empty.

Dungeon Overview and Level Annotations

Branches:
Dungeon (3/15)

Altars:


Innate Abilities, Weirdness & Mutations

You are small and have problems with some larger weapons.
You are carnivorous and can eat meat at any time.


Message History

The goblin shouts!
You sock the rat!
You kill the rat!
The goblin throws a stone.
The stone hits you but does no damage.
The orc throws a tomahawk.
You block the tomahawk.
A worm comes into view.
The orc priest calls down the wrath of Beogh upon you.
Pain shoots through your body!
Found a dagger.
You hit the orc priest but do no damage.
An orc comes into view.
It is wielding a +1 quarterstaff of crushing.
The goblin throws a stone.
You block the stone.
The orc priest calls down the wrath of Beogh upon you.
Beogh smites you!
* * * LOW HITPOINT WARNING * * *
The goblin throws a stone.
The stone hits you but does no damage.
Your shield prevents you from hitting the orc priest.
The orc priest mumbles some strange prayers to Beogh against you.
Pain shoots through your body!
You die...

#.###.#.....#######
#.....##.##.#
########.##.#
#.##.# #.##.#
#.##.# #.##.###
#....(.# ####.#@#
#..oo......
###o...###. ......#
).....g. #.........
##.o..w...
#........


You could see a worm, an orc priest, 3 orcs and a goblin.

Vanquished Creatures
  Natasha (thrice) (D:2)
  An adder (D:2)
  An ooze (D:2)
  2 worms (D:3)
  A dart slug (D:1)
  2 leopard geckos
  A ball python (D:2)
  2 giant cockroaches
  6 hobgoblins
  4 jackals (D:1)
  7 bats
  4 frilled lizards
  6 goblins
  9 kobolds
  7 rats
56 creatures vanquished.

Notes
Turn   | Place    | Note
-------+----------+-------------------------------------------
     0 | D:1      | Ihlosi the Kobold Fighter began the quest for the Orb.
     0 | D:1      | Reached XP level 1. HP: 14/14 MP: 1/1
   103 | D:1      | Reached XP level 2. HP: 13/19 MP: 2/2
   375 | D:1      | Reached XP level 3. HP: 11/23 MP: 3/3
  1155 | D:2      | Noticed Natasha
  1169 | D:2      | Reached skill level 1 in Dodging
  1173 | D:2      | Killed Natasha
  1173 | D:2      | Reached XP level 4. HP: 23/28 MP: 4/4
  1671 | D:2      | Noticed Natasha
  1683 | D:2      | Killed Natasha
  1683 | D:2      | Reached XP level 5. HP: 12/33 MP: 5/5
  1943 | D:2      | Noticed Natasha
  1950 | D:2      | Killed Natasha
  2680 | D:3      | Found a faded altar of an unknown god.
  2898 | D:3      | Noticed an orc warrior
  3034 | D:3      | HP: 1/33 [orc priest/divine providence (14)]
  3035 | D:3      | Killed from afar by an orc priest

Skill      XL: |  1  2  3  4  5 |
---------------+----------------+-----
Maces & Flails | 2 3 |  3.0
Dodging        | 1 |  1.7
Armour         | 3 |  3.2
Shields        | 3 |  3.0
Fighting       | |  3.8

Action                   |  1- 3 |  4- 6 || total
-------------------------+-------+-------++-------
Melee: Flail             |   117 |    86 ||   203
  Use: Potion            |     1 |       ||     1
       Scroll            |       |     3 ||     3
  Eat: Chunk             |     8 |     4 ||    12
Armor: Scale mail        |    52 |    28 ||    80
Dodge: Dodged            |    30 |    26 ||    56
Block: Shield            |    70 |    52 ||   122
